Cogmind - Beta 13 @@@ ROGUE MODE // 2024.03.31 @ 16:38:27 Player: wonder Result: Destroyed by FU-61L(R) with Subdweller Laser Performance ------------- Evolutions (0) 0 Regions Visited (2) 400 Robots Destroyed (5) 25 Value Destroyed (164) 164 Prototype IDs (0) 0 Alien Tech Used (0) 0 Bonus (0) 0 TOTAL SCORE: 589 Bonus ------- None Cogmind --------- Core Integrity 0/250 Matter 300/300 Energy 315/315 System Corruption 0% Temperature Cool (6) Movement Walking (260) Ox2 Location -10/Subcaves Parts ------- > --- POWER (1) -------- Neutrino Core > --- PROPULSION (2) --- Aluminum Leg > --- UTILITY (2) ------ Small Storage Unit Tractor Beam > --- WEAPON (2) ------- Bore Cannon > --- INVENTORY (8) ---- Light Ion Engine Light Ion Engine Hover Unit Light Assault Rifle Peak State ------------ > --- POWER ------------ Neutrino Core > --- PROPULSION ------- Aluminum Leg Aluminum Leg > --- UTILITY ---------- Small Storage Unit Tractor Beam > --- WEAPON ----------- Bore Cannon > --- INVENTORY -------- Light Ion Engine Light Ion Engine Hover Unit Light Assault Rifle [Rating: 15] Favorites ----------- Power Light Ion Engine Engine Light Ion Engine Power Core Neutrino Core Propulsion Light Treads Treads Light Treads Leg Aluminum Leg Utility Small Storage Unit Device Tractor Beam Storage Small Storage Unit Weapon Light Assault Rifle Ballistic Gun Light Assault Rifle Ballistic Cannon Bore Cannon Launcher Grenade Launcher Special Melee Weapon Datajack Build | -11 -10 -10 ------- Run | Yrd Mat Sub Slots Evolved . | . . . Power . | . . . Propulsion . | . . . Utility . | . . . Weapon . | . . . Parts Attached 13 | 2 9 2 Power 2 | . 1 1 Engine 1 | . 1 . Core 1 | . . 1 Reactor . | . . . Propulsion 4 | 1 3 . Treads 2 | 1 1 . Leg 2 | . 2 . Wheel . | . . . Hover . | . . . Flight . | . . . Utility 2 | . 2 . Device 1 | . 1 . Storage 1 | . 1 . Processor . | . . . Hackware . | . . . Protection . | . . . Artifact . | . . . Weapon 5 | 1 3 1 Energy Gun . | . . . Energy Cannon . | . . . Ballistic Gun 2 | 1 1 . Ballistic Cannon 1 | . . 1 Launcher 1 | . 1 . Special Weapon . | . . . Impact Weapon . | . . . Slashing Weapon . | . . . Piercing Weapon . | . . . Special Melee Weapon 1 | . 1 . Unidentified Prototypes . | . . . Parts Lost 6 | . 3 3 Power . | . . . Propulsion 3 | . 2 1 Utility . | . . . Weapon 3 | . 1 2 Highest Loss Streak 3 | . 2 3 To Critical Strikes . | . . . Average Slot Usage (%) 86 | . 82 97 Engine 13 | . 14 11 Treads 16 | . 22 . Leg 9 | . 3 26 Device 4 | . 1 14 Storage 14 | . 14 14 Ballistic Gun 18 | . 21 12 Special Melee Weapon 6 | . 4 12 Naked Turns . | . . . Heaviest Build 29 | 1 12 29 Greatest Support 40 | 20 40 20 Greatest Overweight (x) 3 | . 3 2 Average Overweight (x) . | . . . Largest Inventory Capacity 8 | 5 8 8 Average Capacity 7 | 5 7 8 Most Carried 6 | 5 6 5 Average Carried 2 | 3 2 3 Final Capacity 8 | 5 8 8 Final Carried 5 | 5 3 4 Class Distribution -------------------- 100% | Mutant Dominant Class ---------------- Mutant | -10/Materials Mutant | -10/Subcaves Resources | -11 -10 -10 ----------- Run | Yrd Mat Sub Matter Collected 401 | 220 125 56 Remotely 90 | . 34 56 Salvage Created 141 | . 141 . Parts 15 | . 15 . Haulers Intercepted . | . . . Recyclers Shooed . | . . . Parts Field Recycled . | . . . Retrieved Matter . | . . . Parts Self-Destructed 3 | . . 3 Prevented . | . . . Kills | -11 -10 -10 ------- Run | Yrd Mat Sub Combat Hostiles Destroyed 3 | . 3 . Guns 3 | . 3 . Classes Destroyed 3 | . 3 . Operator 1 | . 1 . Watcher 1 | . 1 . Grunt 3 | . 3 . Best Kill Streak 2 | . 2 . Combat Bots Only 2 | . 2 . Max Kills in Single Turn 1 | . 1 . Gunslinging . | . . . Exploded . | . . . Melee . | . . . Uniques/NPCs Destroyed . | . . . Combat | -11 -10 -10 -------- Run | Yrd Mat Sub Hostile Shots Fired 97 | . 46 51 Missed 36 | . 15 21 Damage Taken 1118 | . 501 617 Core 262 | . 106 156 Absorbed by Shields . | . . . Core Remaining (%) 100 | 100 . . Volleys Fired 52 | . 43 9 Largest 2 | . 2 1 Hottest 57 | . 50 57 Shots Fired 53 | . 44 9 Gun 48 | . 43 5 Cannon 4 | . . 4 Launcher 1 | . 1 . Special . | . . . Kinetic 52 | . 43 9 Thermal . | . . . Explosive 1 | . 1 . Electromagnetic . | . . . Robot Hit Streak 5 | . 5 3 Robot Miss Streak 3 | . 3 3 Penetration Max 1 | . . 1 Secondary Targets . | . . . Shots Hit Robots 29 | . 26 3 Core Hits 10 | . 10 . Critical Kills . | . . . Critical Parts Destroyed . | . . . Critical Strikes 2 | . . 2 Destroy 2 | . . 2 Melee Attacks 1 | . 1 . Impact . | . . . Slashing . | . . . Piercing . | . . . Sneak Attacks 1 | . 1 . Combat Hostiles . | . . . Follow-up Attacks . | . . . Damage Inflicted 403 | . 312 91 Guns 236 | . 219 17 Cannons 74 | . . 74 Explosions 93 | . 93 . Melee . | . . . Ramming . | . . . Kinetic 310 | . 219 91 Thermal 64 | . 64 . Explosive 29 | . 29 . Electromagnetic . | . . . Impact . | . . . Slashing . | . . . Piercing . | . . . Highest Corruption . | . . . Average Corruption . | . . . Corruption Purged . | . . . Corruption Blocked . | . . . Overload Shots . | . . . Overflow Damage 28 | . 28 . Projectiles . | . . . Explosions 28 | . 28 . Melee . | . . . Knockbacks 1 | . . 1 Impact . | . . . Kinetic 1 | . . 1 Secondary . | . . . Self-Inflicted Damage 161 | . 161 . Shots 3 | . 3 . Rammed . | . . . Targets Rammed . | . . . Kicked . | . . . Crushed . | . . . Highest Temperature 12 | . 12 9 Average Temperature 6 | . 6 9 Received Heat Transfer 264 | . 186 78 Siege Activations . | . . . Robots Corrupted . | . . . Combat Hostiles . | . . . Parts Fried . | . . . Impact Corruptions . | . . . Robots Melted . | . . . Combat Hostiles . | . . . Parts Melted . | . . . Heat Transferred 50 | . 50 . Parts Sabotaged . | . . . Parts Stolen . | . . . Parts Stripped . | . . . Power Chain Reactions . | . . . Alert | -11 -10 -10 ------- Run | Yrd Mat Sub Peak Influence 158 | . 158 . Initial . | . . . Average 53 | . 63 . Maximum Alert Level . | . . . Low Security (%) 100 | 100 100 . Level 1 . | . . . Level 2 . | . . . Level 3 . | . . . Level 4 . | . . . Level 5 . | . . . High Security . | . . . Max Security . | . . . Squads Dispatched 2 | . 2 . Investigation 1 | . 1 . Extermination . | . . . Reinforcement 1 | . 1 . Assault . | . . . Garrison . | . . . Intercept . | . . . Searches Triggered . | . . . Construction Impeded . | . . . Haulers Reinforced . | . . . Active Scanning Responses . | . . . Cargo Convoy Interrupts . | . . . Stealth | -11 -10 -10 --------- Run | Yrd Mat Sub Distress Signals . | . . . Communications Jammed . | . . . Distress Signals . | . . . Times Spotted 16 | . 7 9 Peak Tracking Total 7 | . 3 7 Tactical Retreats . | . . . Traps | -11 -10 -10 ------- Run | Yrd Mat Sub Traps Triggered . | . . . Indirectly . | . . . Trap Hack Attempts . | . . . Triggered . | . . . Disarmed . | . . . Reprogrammed . | . . . Reused . | . . . Traps Extracted . | . . . Installed . | . . . Triggered . | . . . Machines | -11 -10 -10 ---------- Run | Yrd Mat Sub Machines Disabled 3 | . 3 . Max in Single Turn 3 | . 3 . Machines Repaired . | . . . Machines Dismantled . | . . . Machines Sabotaged . | . . . Overloaded Fab Kills . | . . . Hacking | -11 -10 -10 --------- Run | Yrd Mat Sub Machines Accessed 2 | . 2 . Terminals 1 | . 1 . Fabricators . | . . . Repair Stations . | . . . Recycling Units 1 | . 1 . Scanalyzers . | . . . Garrison Access . | . . . Total Hacks 9 | . 9 . Successful 3 | . 3 . Failed 6 | . 6 . Catastrophic 1 | . 1 . Database Lockouts . | . . . Manual . | . . . Terminals 4 | . 4 . Fabricators . | . . . Repair Stations . | . . . Recycling Units 5 | . 5 . Scanalyzers . | . . . Garrison Access . | . . . Terminal Hacks . | . . . Fabricator Hacks . | . . . Repair Station Hacks . | . . . Recycling Unit Hacks 3 | . 3 . Process 1 | . 1 . Report Inventory 1 | . 1 . Retrieve Matter 1 | . 1 . Scanalyzer . | . . . Garrison Access Hacks . | . . . Unauthorized Hacks . | . . . Terminals . | . . . Fabricators . | . . . Repair Stations . | . . . Recycling Units . | . . . Scanalyzers . | . . . Garrison Access . | . . . Data Cores Recovered . | . . . Used . | . . . Hacking Detections 2 | . 2 . Full Trace Events 1 | . 1 . Feedback Events . | . . . Feedback Blocked . | . . . Robot Schematics Acquired . | . . . Robots Built . | . . . Authchips . | . . . Time . | . . . Total Robot Build Rating . | . . . Part Schematics Acquired . | . . . Parts Built . | . . . Authchips . | . . . Time . | . . . Total Part Build Rating . | . . . Parts Repaired . | . . . Time . | . . . Parts Recycled . | . . . Recycled Matter . | . . . Retrieved Matter . | . . . Retrieved Components . | . . . Parts Scanalyzed . | . . . Part Schematics Acquired . | . . . Parts Damaged . | . . . Bothacking | -11 -10 -10 ------------ Run | Yrd Mat Sub Used RIF Installer . | . . . Robots Hacked . | . . . Non-combat . | . . . Combat . | . . . Robot Hacks Applied . | . . . Relay Couplers Released . | . . . Fabnet Peak Effective % . | . . . Robots Rewired . | . . . Allies Hacked . | . . . Hacks Repelled . | . . . Allies | -11 -10 -10 -------- Run | Yrd Mat Sub Total Allies . | . . . Largest Group . | . . . Highest-Rated Group . | . . . Highest-Rated Ally . | . . . Total Orders . | . . . Ally Attacks . | . . . Total Damage . | . . . Kills . | . . . Allies Corrupted . | . . . Allies Melted . | . . . Intel | -11 -10 -10 ------- Run | Yrd Mat Sub Robot Analysis Total . | . . . Derelict Logs Recovered 1 | . . 1 Drone Launches . | . . . Drone Recoveries . | . . . Exploration | -11 -10 -10 ------------- Run | Yrd Mat Sub Turns Passed 558 | 62 359 137 Spaces Moved 301 | 39 170 92 Core 15 | 7 8 . Treads 166 | 32 134 . Legs 120 | . 28 92 Wheels . | . . . Hover . | . . . Flight . | . . . Fastest Speed 50 | 50 120 120 Average Speed 144 | 140 155 126 Slowest Speed 260 | 160 200 260 Overloaded Moves . | . . . Propulsion Burnouts . | . . . Robots Hopped . | . . . Cave-ins Triggered . | . . . Exploration Rate (%) 12 | 4 20 12 Regions Visited 2 Branch Regions 1 Pre-discovered Areas 1 | . . 1 Known Exits Taken . | . . . Unknown Exits Taken 2 | 1 1 . Scrap Searched . | . . . Spaces Dug . | . . . Terrain Destroyed 30 | . 30 . Melee . | . . . Projectile . | . . . AOE 30 | . 30 . Terrain Rammed . | . . . Walls Destroyed . | . . . Machines Disabled . | . . . Actions | -11 -10 -10 --------- Run | Yrd Mat Sub Total 380 | 46 228 106 Wait 1 | . . 1 Move 299 | 38 169 92 Hop . | . . . Pick Up 14 | 6 6 2 Fast Attach 1 | 1 . . Attach 10 | 1 8 1 Detach . | . . . Swap 2 | . 1 1 Drop . | . . . Fire 52 | . 43 9 Melee 1 | . 1 . Ram . | . . . Kick . | . . . Crush . | . . . Escape Stasis . | . . . Rewire . | . . . Trap . | . . . Miscellaneous . | . . . Route ------- -11/Scrapyard -10/Materials -10/Subcaves (discovered 1 exit: [*Mat]) History --------- Turn | Location | Event 23 | -11/Scrapyard | Discovered new exit (range 16) 63 | -11/Scrapyard | Entered Materials 306 | -10/Materials | Build established: Mutant 364 | -10/Materials | Discovered new exit (range 11) 422 | -10/Materials | Entered Subcaves 436 | -10/Subcaves | Learned location of Storage (-9) 509 | -10/Subcaves | Shifting Twisted Machinery released Humpback 509 | -10/Subcaves | Discovered new exit (range 10) 522 | -10/Subcaves | Ambushed by swarm of Subdwellers 535 | -10/Subcaves | Core integrity fell below 50% 557 | -10/Subcaves | Core integrity fell below 20% 559 | -10/Subcaves | Destroyed by FU-61L(R) with Subdweller Laser Last Messages --------------- YN-MH8(R) emerges from the Twisted Machinery. Datajack destroyed. Acquired Bore Cannon. Lgt. Assault Rifle destroyed. Acquired 10 matter. X4-Y3J(R) destroyed. HV Slug penetrates L0-LYR(R). Acquired 7 matter. Subatomizers dissect the Sub. Optics. Aluminum Leg destroyed. L0-LYR(R) affixes Scrap Shield Fragment to Scrap Shield. Acquired 7 matter. FU-61L(R) knocked back. Acquired 7 matter. HV Slug penetrates I3-4KY(R). I3-4KY(R) suffers critical hit (Destroy). WI-Z76(R) suffers critical hit (Destroy). [Achievement: Please Form A Line] Acquired 7 matter. Map ----- +----------------------------------------------------+ | ?????????????## ##????????????????????????? | | ??????????????# #####% ###??????????????????????? | | ??????????????# #???## # #??????????????????????? | | ????????????? ????# ## ##??????????????????????? | | ???????????? ????## ##???????????????????????? | | ??????????# ????# ##???????????????????????? | | ??????????# ?????# #???????????????????????? | | ????????? ?????## ##???????????????????????? | | ???????? ?????# #???????????????????????? | | ??????? #??????##%! #???????????????????????? | | ??????? ???????##[* #???????????????????????? | | ???????? ????????#!=%##???????????????????????? | | ?????????? ?????????##%*##???????????????????????? | | ?????????????????????#=% ##??????????????????????? | | ??????????????###???##= %"#??????????????????????? | | ????????? %#### #### "#??????????????????????? | | ???????? # R##??????????????????????? | | ???????? #???????????????????????? | | ???????? RRR #???????????????????????? | | ???????? ## ## # RR%#???????????????????????? | | ?????????????##??### ##??????????????????????? | | ???????????????????# ###????????????????????? | | ???????????????????## ##????##?????????????? | | ????????????????????## "## #???????????? | | ?????????????????????#!%= " !#???????????? | | ?????????????????????#!! @""! #??????????? | | ?????????????????????# " < #??????????? | | ????????????????????# [!*" # ##??????????? | | ????????????????????####%"## # # ###???????????? | | ???????????????????????#%"#? ##?????????????? | | ???????????????????????*%=#?""" #??????????????? | | ???????????????????????" ??# ?????????????? | | ?????????????????????? " ???# ?????????????? | | ?????????????????????? " #????? ?????????????? | | ?????????????????????? % ""#?????? ??????????????? | | ?????????????????????# ""?????????????????????? | | ??????????????????????? ##??????????????????????? | | ??????????????????????? "????????????????????????? | | ??????????????????????? "????????????????????????? | | ?????????????????????????????????????????????????? | | ?????????????????????????????????????????????????? | | ?????????????????????????????????????????????????? | | ?????????????????????????????????????????????????? | | ?????????????????????????????????????????????????? | | ?????????????????????????????????????????????????? | | ?????????????????????????????????????????????????? | | ?????????????????????????????????????????????????? | | ?????????????????????????????????????????????????? | | ?????????????????????????????????????????????????? | | ?????????????????????????????????????????????????? | +----------------------------------------------------+ Best States ------------- Heat Dissipation 25 Energy Generation 19 Energy Capacity 315 Matter Stores 300 Matter Capacity 300 Sight Range 16 Terrain Scan Density 10 Evasion (%) 55 Recoil Reduction 2 Item Schematics ----------------- None Robot Schematics ------------------ None Fabricated ------------ Nothing Alien Tech Used ----------------- None Achievements -------------- Please Form A Line Challenges ------------ None Game ------ Seed LightCentriumFemtoactuators Manual? 0 Play Time 00:11:55 Cumulative 1.1 hours Start 2024.03.31 @ 16:28:28 End 2024.03.31 @ 16:38:27 Sessions 1 Manual Loads 0 Difficulty Rogue Special Mode None Game No. 3 Rogue 3 Adventurer 0 Explorer 0 Win Type - Total 0 Types 0/0/0/0/0/0/0/0/0 Lore% 0 Gallery% 2 Achievement% 1 Wizard Run 0 Options --------- Layout 1 ASCII 0 Keyboard 0 Movement Mouse Keybinds 0 Fullscreen 2 Font 32/SmallcapsGlow Map View 50x35 Zoom Use 0% Tactical HUD 0 Map Filters NONE Filters NONE Steam 1 RUN: da2335b5-bfaa-4197-8cfd-906b67e2272b